 Dungeon Crawl Stone Soup version 0.28.0-53-g5a82cb258f (webtiles) character file.

Game seed: 6702760382877146094

288 selky the Cleaver (level 6, -5/51 HPs)
             Began as a Minotaur Berserker on July 7, 2022.
             Was a Believer of Trog.
             Slain by a wyvern zombie (14 damage)
             ... on level 3 of the Dungeon.
             The game lasted 00:01:26 (2515 turns).

selky the Cleaver (Minotaur Berserker)              Turns: 2515, Time: 00:01:26

Health: -5/51      AC:  2    Str: 23    XL:     6   Next: 9%
Magic:  5/5        EV: 12    Int:  4    God:    Trog [**....]
Gold:   83         SH:  0    Dex: 10    Spells: 5/5 levels left

rFire   . . .      SeeInvis .   a - +0 hand axe
rCold   . . .      Faith    .   (no shield)
rNeg    . . .      Spirit   .   b - +0 animal skin
rPois   .          Reflect  .   (helmet restricted)
rElec   .          Harm     .   (no cloak)
rCorr   .          Rampage  .   (no gloves)
Will    .....                   (no boots)
Stlth   +.........              (no amulet)
HPRegen 0.17/turn               g - ring of flight
MPRegen 0.09/turn               (no ring)

@: on berserk cooldown, flying, slowed, very slow
A: horns 2, retaliatory headbutt
a: Renounce Religion, Berserk, Trog's Hand


You were on level 3 of the Dungeon.
You worshipped Trog.
Trog was pleased with you.
You visited 1 branch of the dungeon, and saw 3 of its levels.

You collected 83 gold pieces.

Inventory:

Hand Weapons
 a - a +0 hand axe (weapon)
Armour
 b - a +0 animal skin (worn)
Jewellery
 g - a ring of flight (left hand)
Scrolls
 c - a scroll of noise {unknown}
 d - a scroll of identify {unknown}
 f - a scroll of fear {unknown}


   Skills:
 - Level 3.6 Fighting
 + Level 8.3 Axes
 - Level 2.4 Armour
 - Level 2.1 Dodging


You had 5 spell levels left.
You didn't know any spells.
Your spell library was empty.

Dungeon Overview and Level Annotations

Branches:
Dungeon (3/15)

Altars:
Cheibriados


Innate Abilities, Weirdness & Mutations

You have a pair of horns on your head.
You reflexively headbutt those who attack you in melee.


Message History

You are too injured to fight recklessly!
You are too injured to fight recklessly!
You are too injured to fight recklessly!
You are too injured to fight recklessly!
You barely miss SanguineChosen's ghost.
SanguineChosen's ghost is almost destroyed.
You hit the wyvern zombie. SanguineChosen's ghost hits you.
The wyvern zombie barely misses you.
You closely miss SanguineChosen's ghost.
SanguineChosen's ghost is almost destroyed.
You barely miss the wyvern zombie. SanguineChosen's ghost hits you!
* * * LOW HITPOINT WARNING * * *
The wyvern zombie barely misses you.
You hit SanguineChosen's ghost but do no damage.
SanguineChosen's ghost is almost destroyed.
You hit the wyvern zombie. You slash SanguineChosen's ghost!
You destroy SanguineChosen's ghost!
Trog accepts your kill.
You barely miss the wyvern zombie. The wyvern zombie bites you.
* * * LOW HITPOINT WARNING * * *
Your Axes skill gained 2 levels and is now at level 8!
You have reached level 5!
You have reached level 6!
You completely miss the wyvern zombie.
The wyvern zombie is severely damaged.
You are no longer berserk.
You are exhausted.
You feel yourself slow down.
The wyvern zombie bites you but does no damage.
You hit the wyvern zombie but do no damage.
You headbutt the wyvern zombie, but do no damage.
The wyvern zombie is severely damaged.
The wyvern zombie bites you.
* * * LOW HITPOINT WARNING * * *
Unknown command.
It was a potion of curing.
You feel better. The wyvern zombie bites you.
* * * LOW HITPOINT WARNING * * *
The wyvern zombie bites you!
You die...

#.. #########.. #
..#.#..#.# #
##.$?..##l# #+#+# #
#.......#.# #.#.######
##.....##.###.#.....[#
#.......#.........####
###''Z###.#.####....≈≈
#...@.##.#.# #.##≈≈≈
#........#.# #+#_≈≈.
###....###.# ##≈≈≈
###### #.. ....≈≈ ##.
...#.## . ....#..
..... ... ......


You could see a wyvern zombie.

Vanquished Creatures
  The ghost of SanguineChosen the Cudgeller, an amateur GrFi (D:3)
  A bullfrog zombie (D:3)
  2 adders (D:2)
  A worm (D:2)
  6 dart slugs
  3 bats (D:1)
  6 endoplasms
  A giant cockroach (D:1)
  8 goblins
  3 hobgoblins
  3 quokkas (D:1)
  6 ball pythons
  4 frilled lizards
  5 kobolds
  4 rats
54 creatures vanquished.

Notes
Turn   | Place    | Note
-------+----------+-------------------------------------------
     0 | D:1      | selky the Minotaur Berserker began the quest for the Orb.
     0 | D:1      | Reached XP level 1. HP: 19/19 MP: 0/0
    33 | D:1      | Reached skill level 4 in Axes
   256 | D:1      | Reached XP level 2. HP: 25/26 MP: 1/1
   315 | D:1      | Found a faded altar of an unknown god.
   720 | D:1      | Reached skill level 5 in Axes
   946 | D:1      | Reached XP level 3. HP: 31/31 MP: 2/2
  1002 | D:1      | Reached ** piety under Trog
  2007 | D:2      | Reached skill level 6 in Axes
  2007 | D:2      | Reached XP level 4. HP: 39/39 MP: 3/3
  2418 | D:3      | Found a snail-covered altar of Cheibriados.
  2479 | D:3      | Found a runed translucent gate.
  2479 | D:3      | Found a runed translucent gate.
  2480 | D:3      | Found a runed translucent gate.
  2481 | D:3      | Noticed SanguineChosen's ghost (amateur GrFi)
  2512 | D:3      | Killed SanguineChosen's ghost
  2513 | D:3      | Reached skill level 8 in Axes
  2513 | D:3      | Reached XP level 5. HP: 10/45 MP: 4/4
  2513 | D:3      | Reached XP level 6. HP: 11/51 MP: 5/5
  2515 | D:3      | Slain by a wyvern zombie

Illustrated notes

Levels and vault maps discovered:
D:1:      matt_arrival_los_fun, layout_basic, chequers_ecumenical_altar_island,
          amcnicky_mini_corridor_feature
D:2:      layout_loops_corners
D:3:      kennysheep_the_goblin_king, layout_basic, kennysheep_slug_shrine,
          tso_oasis_becter, gammafunk_ghost_necromancy, uniq_terence

Skill      XL: |  1  2  3  4 |
---------------+-------------+-----
Axes           | 4 5 6 8 |  8.3
Fighting       | |  3.6
Armour         | |  2.4
Dodging        | |  2.1

Action                   |  1- 3 |  4- 6 || total
-------------------------+-------+-------++-------
Melee: Hand axe          |    84 |    22 ||   106
       Headbutt          |    17 |     1 ||    18
       Punch             |     1 |       ||     1
Invok: Berserk           |     1 |     1 ||     2
  Use: Potion            |       |     1 ||     1
Armor: Animal skin       |    14 |     2 ||    16
Dodge: Dodged            |    47 |     9 ||    56
